 Dungeon Crawl Stone Soup version 0.31.0-11-ge490571c62 (webtiles) character file.

Game seed: 4050644023830341582

70 HakonGodeson the Trooper (level 4, -2/35 HPs)
             Began as a Human Fighter on Jan 27, 2024.
             Slain by a gnoll
             ... wielding a +0 halberd
              (14 damage)
             ... on level 3 of the Dungeon.
             The game lasted 00:02:31 (661 turns).

HakonGodeson the Trooper (Human Fighter)             Turns: 661, Time: 00:02:31

Health: -2/35      AC:  6    Str: 17    XL:     4   Next: 21%
Magic:  13/13      EV:  9    Int: 10    God:
Gold:   51         SH:  5    Dex: 18    Spells: 3/3 levels left

rFire   . . .        a - +0 war axe
rCold   . . .        c - +0 buckler
rNeg    . . .        b - +0 scale mail
rPois   .            (no helmet)
rElec   .            (no cloak)
rCorr   .            (no gloves)
SInv    .            (no boots)
Will    .....        (no amulet)
Stlth   +            f - +6 ring of dexterity
HPRegen 0.25/turn    i - ring of magical power
MPRegen 0.13/turn

%: no passive effects
@: attractive
A: explore regen
a: no special abilities


You were on level 3 of the Dungeon.
You visited 1 branch of the dungeon, and saw 3 of its levels.

You collected 51 gold pieces.

Inventory:

Hand Weapons
 a - a +0 war axe (weapon)
Armour
 b - a +0 scale mail (worn)
 c - a +0 buckler (worn)
Jewellery
 f - a +6 ring of dexterity (left hand)
 i - a ring of magical power (right hand)
Potions
 d - a potion of might


   Skills:
 * Level 3.4 Fighting
 * Level 2.8 Axes
 * Level 3.3 Armour
 * Level 0.9 Dodging
 * Level 1.1 Stealth
 * Level 3.2 Shields


You had 3 spell levels left.
You didn't know any spells.
Your spell library contained the following spells:

 Spells                   Type           Power      Damage    Failure   Level
 Apportation              Tloc           0%         N/A       85%         1
 Jinxbite                 Hex            0%         N/A       94%         2
 Alistair's Intoxication  Alch           0%         N/A       100%        5


Dungeon Overview and Level Annotations

Branches:
Dungeon (3/15)

Altars:

Shops:
D:1 [


Innate Abilities, Weirdness & Mutations

You regain HP and MP as you explore.


Message History

You hit the gnoll.
The gnoll is heavily wounded.
The gnoll barely misses you. The gnoll closely misses you.
You slash the gnoll!
The gnoll is almost dead.
The gnoll hits you with a +0 whip.
A gnoll comes into view. It is wielding a +0 halberd.
The gnoll is attracted toward you.
You hit the gnoll.
You kill the gnoll!
You have reached level 4!
You feel stronger.
You hit the gnoll.
The gnoll is moderately wounded.
The gnoll barely misses you. x2; The gnoll hits you with a +0 flail.
The gnoll hits you from afar with a +0 halberd.
You slash the gnoll!
You kill the gnoll!
The gnoll hits you from afar with a +0 halberd.
* * * LOW HITPOINT WARNING * * *
The gnoll is attracted toward you.
You hit the gnoll.
The gnoll is moderately wounded.
The gnoll barely misses you. The gnoll closely misses you.
You hit the gnoll.
The gnoll is severely wounded.
The gnoll closely misses you.
You hit the gnoll but do no damage.
The gnoll is severely wounded.
The gnoll closely misses you.
You closely miss the gnoll.
The gnoll is severely wounded.
You block the gnoll's attack. The gnoll barely misses you.
You barely miss the gnoll.
The gnoll is severely wounded.
The gnoll closely misses you.
You hit the gnoll.
The gnoll is almost dead.
The gnoll hits you with a +0 halberd!
You die...

#.###.####.. #...#...##..
##.#......... #..####....).
##.#####...##.
##...[......### #.
##....#...##...#
##...#######.......######.#
....?....g@†.)..#### #..
#....#.####....## ##. #..
#...<.....# ##. .
##.....##.... #..
#.....#####.. .....#
#....## # ##### #...# ####
##### #....


You could see a gnoll.

Vanquished Creatures
  2 gnolls (D:3)
  2 adders
  2 dart slugs
  4 orcs (D:3)
  2 bats
  4 endoplasms
  A giant cockroach (D:1)
  3 frilled lizards
  4 kobolds
  3 rats
27 creatures vanquished.

Notes
Turn   | Place    | Note
-------+----------+-------------------------------------------
     0 | D:1      | HakonGodeson the Human Fighter began the quest for the Orb.
     0 | D:1      | Reached XP level 1. HP: 18/18 MP: 1/1
   104 | D:1      | Found Kixuesew's Armour Shoppe.
   190 | D:1      | Reached XP level 2. HP: 24/24 MP: 2/2
   429 | D:2      | Reached XP level 3. HP: 29/29 MP: 3/3
   638 | D:3      | Reached skill level 1 in Stealth
   654 | D:3      | Reached XP level 4. HP: 19/35 MP: 4/4
   661 | D:3      | Slain by a gnoll

Illustrated notes

Levels and vault maps discovered:
D:1:      lemuel_arrival_rhombus, layout_basic, serial_shops, shop,
          serial_aquarium, aquarium_bridge_square [aquarium_subvault_bridge,
          aquarium_subvault_bridge, aquarium_subvault_window,
          aquarium_subvault_wall], aquarium_window_corner, aquarium_window_fake,
          aquarium_view_2c, aquarium_balcony_1b
D:2:      layout_basic, hellmonk_ecumenical_altar_slurped_away, basic_altar
D:3:      layout_rooms, zin_scriptorium, serial_bayou_pond_e, uniq_grinder

Skill      XL: |  1  2  3 |
---------------+----------+-----
Stealth        | 1 |  1.1
Fighting       | |  3.4
Axes           | |  2.8
Armour         | |  3.3
Dodging        | |  0.9
Shields        | |  3.2

Action                     |  1- 3 |  4- 6 || total
---------------------------+-------+-------++-------
  Melee: War axe           |    78 |     8 ||    86
    Use: Scroll            |     3 |       ||     3
         Potion            |     2 |       ||     2
 Armour: Scale mail        |    58 |     4 ||    62
  Dodge: Dodged            |    33 |     8 ||    41
  Block: Buckler           |    23 |     1 ||    24
